PCL
TEXARKANA BEARS @ LAS VEGAS STARS
09/02/2030
 
TOP OF THE 1ST
Texarkana Bears batting - Pitching for Las Vegas Stars : RHP Alberto Márquez
Pitching: RHP Alberto Márquez
Batting: LHB Sam Barnes 0-0: Fly out, F8 (Flyball, 8LXD)
Batting: RHB Roger Rush 0-0: Ball
1-0: Fly out, F9 (Flyball, 89S)
Batting: LHB Mark Thomas 0-0: Swinging Strike
0-1: Called Strike
0-2: Ball
1-2: Foul Ball, location: 2F
1-2: Strikes out swinging
Top of the 1st over - 0 runs, 0 hits, 0 errors, 0 left on base; Texarkana 0 - Las Vegas 0
BOTTOM OF THE 1ST
Las Vegas Stars batting - Pitching for Texarkana Bears : LHP Pierre Dumont
Pitching: LHP Pierre Dumont
Batting: RHB Guo-xiu Choi 0-0: Ball
1-0: Called Strike
1-1: Ball
2-1: Bunt missed!
2-2: Ball
3-2: Foul Ball, location: 2F
3-2: Foul Ball, location: 2F
3-2: Ground out U3 (Groundball, 34)
Batting: SHB Enrique Uribe 0-0: Ball
1-0: Foul Ball, location: 2F
1-1: SINGLE (Line Drive, 89S)
Batting: RHB William Richardson 0-0: Swinging Strike
0-1: Ball
1-1: Swinging Strike
1-2: Ball
2-2: Foul Ball, location: 2F
2-2: Ball
3-2: Foul Ball, location: 2F
3-2: Foul Ball, location: 2F
3-2: Ground out 5-3 (Groundball, 5)
Enrique Uribe to second
Batting: RHB Paco Castillo 0-0: SINGLE (Groundball, 6MD)
Enrique Uribe to third
Runner from 3rd tries for Home, SAFE, throw made home
Batting: RHB Gabriel Miranda 0-0: Ball
Paco Castillo steals 2nd base
1-0: Ball
2-0: Ground out 6-3 (Groundball, 6S)
Bottom of the 1st over - 1 run, 2 hits, 0 errors, 1 left on base; Texarkana 0 - Las Vegas 1
TOP OF THE 2ND
Texarkana Bears batting - Pitching for Las Vegas Stars : RHP Alberto Márquez
Batting: RHB Eric Green 0-0: Swinging Strike
0-1: Ball
1-1: Called Strike
1-2: Foul Ball, location: 2F
1-2: Foul Ball, location: 2F
1-2: Fly out, F6 (Line Drive, 6)
Batting: LHB Tom Mullins 0-0: Called Strike
0-1: Ball
1-1: Called Strike
1-2: Foul Ball, location: 2F
1-2: Fly out, F9 (Flyball, 9)
Batting: RHB Billy Campbell 0-0: Ball
1-0: Swinging Strike
1-1: Foul Ball, location: 2F
1-2: Strikes out looking
Top of the 2nd over - 0 runs, 0 hits, 0 errors, 0 left on base; Texarkana 0 - Las Vegas 1
BOTTOM OF THE 2ND
Las Vegas Stars batting - Pitching for Texarkana Bears : LHP Pierre Dumont
Batting: RHB Gilberto Silva 0-0: Ball
1-0: Fly out, F9 (Flyball, 89D)
Batting: LHB Phil Smith 0-0: Ball
1-0: Ball
2-0: Ball
3-0: Called Strike
3-1: Base on Balls
Batting: LHB Clint Parkinson 0-0: Ball
1-0: Ball
2-0: Swinging Strike
2-1: Grounds into double play, 5-4-3 (Groundball, 5)
Bottom of the 2nd over - 0 runs, 0 hits, 0 errors, 0 left on base; Texarkana 0 - Las Vegas 1
TOP OF THE 3RD
Texarkana Bears batting - Pitching for Las Vegas Stars : RHP Alberto Márquez
Batting: RHB Steve Garneys 0-0: Called Strike
0-1: Ball
1-1: Foul Ball, location: 2F
1-2: Ball
2-2: Ball
3-2: Strikes out swinging
Batting: RHB Michael Thomas 0-0: Fly out, F9 (Flyball, 9S)
Batting: RHB Jaime Delgado 0-0: Ball
1-0: Ball
2-0: Ball
3-0: Base on Balls
Batting: LHB Sam Barnes 0-0: Called Strike
0-1: Ball
1-1: DOUBLE (Line Drive, 8RD)
Jaime Delgado to third
Runner from 3rd tries for Home, SAFE, no throw
Batting: RHB Roger Rush 0-0: Ball
1-0: Foul Ball, location: 2F
1-1: Ball
2-1: Fly out, F7 (Flyball, 78D)
Top of the 3rd over - 1 run, 1 hit, 0 errors, 1 left on base; Texarkana 1 - Las Vegas 1
BOTTOM OF THE 3RD
Las Vegas Stars batting - Pitching for Texarkana Bears : LHP Pierre Dumont
Batting: RHB Fernando Bórquez 0-0: Ground out 5-3 (Groundball, 5S)
Batting: RHB Guo-xiu Choi 0-0: Ball
1-0: Ball
2-0: Fly out, F7 (Line Drive, 78S)
Batting: SHB Enrique Uribe 0-0: Foul Ball, location: 2F
0-1: Ball
1-1: Called Strike
1-2: Ground out 4-3 (Groundball, 4S)
Bottom of the 3rd over - 0 runs, 0 hits, 0 errors, 0 left on base; Texarkana 1 - Las Vegas 1
TOP OF THE 4TH
Texarkana Bears batting - Pitching for Las Vegas Stars : RHP Alberto Márquez
Batting: LHB Mark Thomas 0-0: Ball
1-0: Ball
2-0: Called Strike
2-1: Foul Ball, location: 2F
2-2: Ball
3-2: SINGLE (Line Drive, 56)
Batting: RHB Eric Green 0-0: Ball
1-0: Ball
2-0: Fly out, F7 (Flyball, 7S)
Batting: LHB Tom Mullins 0-0: Ball
1-0: Foul Ball, location: 2F
1-1: Ball
2-1: Grounds into double play, 6-4-3 (Groundball, 6)
Top of the 4th over - 0 runs, 1 hit, 0 errors, 0 left on base; Texarkana 1 - Las Vegas 1
BOTTOM OF THE 4TH
Las Vegas Stars batting - Pitching for Texarkana Bears : LHP Pierre Dumont
Batting: RHB William Richardson 0-0: Called Strike
0-1: Ball
1-1: Foul Ball, location: 2F
1-2: Ball
2-2: SINGLE (Groundball, 6MD)
Batting: RHB Paco Castillo 0-0: Fly out, F3 (Popup, 3S)
Batting: RHB Gabriel Miranda Pickoff Throw to First - Out!
0-0: Ground out 6-3 (Groundball, 6)
Bottom of the 4th over - 0 runs, 1 hit, 0 errors, 0 left on base; Texarkana 1 - Las Vegas 1
TOP OF THE 5TH
Texarkana Bears batting - Pitching for Las Vegas Stars : RHP Alberto Márquez
Batting: RHB Billy Campbell 0-0: DOUBLE (Line Drive, 7LM)
Batting: RHB Steve Garneys 0-0: Hit by Pitch
Batting: RHB Michael Thomas 0-0: Foul Ball, location: 2F
0-1: Ball
1-1: Foul Ball, location: 2F
1-2: Ground out 4-3 (Groundball, 34)
Billy Campbell to third
Steve Garneys to second
Batting: RHB Jaime Delgado 0-0: Ball
1-0: Hit by Pitch
Batting: LHB Sam Barnes 0-0: Ball
1-0: SINGLE (Groundball, 34D)
Billy Campbell scores
Steve Garneys to third
Jaime Delgado to second
Runner from 3rd tries for Home, SAFE, throw made home
Batting: RHB Roger Rush 0-0: Called Strike
0-1: Fly out, F4 (Popup, 23)
Batting: LHB Mark Thomas 0-0: Swinging Strike
0-1: Ball
1-1: Ball
Sam Barnes is caught stealing 2nd base
Top of the 5th over - 2 runs, 2 hits, 0 errors, 1 left on base; Texarkana 3 - Las Vegas 1
BOTTOM OF THE 5TH
Las Vegas Stars batting - Pitching for Texarkana Bears : LHP Pierre Dumont
Batting: RHB Gilberto Silva 0-0: Called Strike
0-1: Ball
1-1: Foul Ball, location: 2F
1-2: Foul Ball, location: 2F
1-2: Foul Ball, location: 2F
1-2: Strikes out swinging
Batting: LHB Phil Smith 0-0: Called Strike
0-1: Swinging Strike
0-2: Foul Ball, location: 2F
0-2: Ball
1-2: Foul Ball, location: 2F
1-2: DOUBLE (Groundball, 3L)
Batting: LHB Clint Parkinson 0-0: Ball
1-0: Ball
Wild Pitch!
Phil Smith to third
2-0: Called Strike
2-1: Swinging Strike
2-2: Strikes out looking
Batting: RHB Fernando Bórquez 0-0: Ball
1-0: Fly out, F7 (Line Drive, 7)
Bottom of the 5th over - 0 runs, 1 hit, 0 errors, 1 left on base; Texarkana 3 - Las Vegas 1
TOP OF THE 6TH
Texarkana Bears batting - Pitching for Las Vegas Stars : RHP Alberto Márquez
Batting: LHB Mark Thomas 0-0: Called Strike
0-1: Ball
1-1: Ball
2-1: Ground out 3-1 (Groundball, 34)
Batting: RHB Eric Green 0-0: Swinging Strike
0-1: Fly out, F5 (Popup, 6S)
Batting: LHB Tom Mullins 0-0: SINGLE (Groundball, 56) (infield hit)
Batting: RHB Billy Campbell 0-0: Ball
1-0: DOUBLE (Line Drive, 89D)
Tom Mullins to third
Batting: RHB Steve Garneys 0-0: Ball
1-0: Ball
2-0: Ground out 4-3 (Groundball, 4)
Top of the 6th over - 0 runs, 2 hits, 0 errors, 2 left on base; Texarkana 3 - Las Vegas 1
BOTTOM OF THE 6TH
Las Vegas Stars batting - Pitching for Texarkana Bears : LHP Pierre Dumont
Batting: RHB Guo-xiu Choi 0-0: Ball
1-0: Called Strike
1-1: Ball
2-1: Swinging Strike
2-2: Ball
3-2: Base on Balls
Batting: SHB Enrique Uribe 0-0: Ball
1-0: Ball
2-0: Called Strike
2-1: Fielders Choice at 2nd, 3-6 (Groundball, 34)
Batting: RHB William Richardson 0-0: Ball
1-0: Called Strike
1-1: Ball
2-1: Ball
3-1: Foul Ball, location: 2F
3-2: Fly out, F9 (Flyball, 9)
Batting: RHB Paco Castillo 0-0: Ball
Enrique Uribe steals 2nd base
1-0: Ball
2-0: Foul Ball, location: 2F
2-1: Ball
3-1: Fly out, F3 (Popup, 3S)
Bottom of the 6th over - 0 runs, 0 hits, 0 errors, 1 left on base; Texarkana 3 - Las Vegas 1
TOP OF THE 7TH
Texarkana Bears batting - Pitching for Las Vegas Stars : RHP Alberto Márquez
Batting: RHB Michael Thomas 0-0: Called Strike
0-1: Foul Ball, location: 2F
0-2: Ball
1-2: Ball
2-2: Foul Ball, location: 2F
2-2: Fly out, F9 (Flyball, 9S)
Batting: RHB Jaime Delgado 0-0: Called Strike
0-1: Called Strike
0-2: Ball
1-2: Foul Ball, location: 2F
1-2: Fly out, F8 (Flyball, 8RD)
Batting: LHB Sam Barnes 0-0: Swinging Strike
0-1: Ball
1-1: Ground out U3 (Groundball, 3)
Top of the 7th over - 0 runs, 0 hits, 0 errors, 0 left on base; Texarkana 3 - Las Vegas 1
BOTTOM OF THE 7TH
Las Vegas Stars batting - Pitching for Texarkana Bears : LHP Pierre Dumont
Batting: RHB Gabriel Miranda 0-0: Ball
1-0: Ball
2-0: Ball
3-0: Swinging Strike
3-1: Called Strike
3-2: Ground out 5-3 (Groundball, 56S)
Batting: RHB Gilberto Silva 0-0: Ball
1-0: Ball
2-0: Ball
3-0: Called Strike
3-1: Base on Balls
Pitching: RHP Dave Hammond
Batting: LHB Phil Smith 0-0: Called Strike
Gilberto Silva steals 2nd base
0-1: Foul Ball, location: 2F
0-2: Strikes out swinging
Batting: LHB Clint Parkinson 0-0: Ball
1-0: Foul Ball, location: 2F
1-1: Ball
2-1: Ball
Passed Ball!
Gilberto Silva to third
3-1: Fly out, F1 (Line Drive, 15S)
Bottom of the 7th over - 0 runs, 0 hits, 0 errors, 1 left on base; Texarkana 3 - Las Vegas 1
TOP OF THE 8TH
Texarkana Bears batting - Pitching for Las Vegas Stars : RHP Alberto Márquez
Pitching: LHP Gian-Andrea Nota
Batting: RHB Roger Rush 0-0: Called Strike
0-1: Ball
1-1: Ground out 3-1 (Groundball, 34)
Batting: LHB Mark Thomas 0-0: Swinging Strike
0-1: Ball
1-1: SINGLE (Line Drive, 89M)
Batting: RHB Eric Green 0-0: Ball
1-0: Fly out, F7 (Flyball, 7)
Batting: LHB Tom Mullins 0-0: Ball
1-0: Swinging Strike
1-1: Foul Ball, location: 2F
1-2: Foul Ball, location: 2F
1-2: Ball
Wild Pitch!
Mark Thomas to second
2-2: Foul Ball, location: 2F
2-2: Strikes out swinging
Top of the 8th over - 0 runs, 1 hit, 0 errors, 1 left on base; Texarkana 3 - Las Vegas 1
BOTTOM OF THE 8TH
Las Vegas Stars batting - Pitching for Texarkana Bears : RHP Dave Hammond
Batting: RHB Fernando Bórquez 0-0: Ball
1-0: SINGLE (Line Drive, 7S)
Batting: RHB Guo-xiu Choi 0-0: Swinging Strike
0-1: Ball
1-1: Fly out, F5 (Line Drive, 56)
Batting: SHB Enrique Uribe 0-0: Ball
1-0: Grounds into double play, 4-6-3 (Groundball, 4)
Bottom of the 8th over - 0 runs, 1 hit, 0 errors, 0 left on base; Texarkana 3 - Las Vegas 1
TOP OF THE 9TH
Texarkana Bears batting - Pitching for Las Vegas Stars : LHP Gian-Andrea Nota
Batting: RHB Billy Campbell 0-0: Ball
1-0: Foul Ball, location: 2F
1-1: Foul Ball, location: 2F
1-2: Strikes out swinging
Batting: RHB Steve Garneys 0-0: Foul Ball, location: 2F
0-1: Ball
1-1: Swinging Strike
1-2: Foul Ball, location: 2F
1-2: Ball
2-2: Ball
3-2: Base on Balls
Batting: RHB Michael Thomas 0-0: Ball
1-0: Ball
2-0: Called Strike
2-1: Swinging Strike
2-2: Strikes out swinging
Batting: RHB Jaime Delgado 0-0: Called Strike
0-1: Swinging Strike
0-2: Ball
Steve Garneys steals 2nd base
1-2: Ball
2-2: Ball
3-2: Base on Balls
Pitching: RHP Roberto Moreno
Batting: LHB Sam Barnes 0-0: Ball
1-0: Fly out, F9 (Flyball, 89S)
Top of the 9th over - 0 runs, 0 hits, 0 errors, 2 left on base; Texarkana 3 - Las Vegas 1
BOTTOM OF THE 9TH
Las Vegas Stars batting - Pitching for Texarkana Bears : RHP Dave Hammond
Batting: RHB William Richardson 0-0: Ball
1-0: Ground out 5-3 (Groundball, 56)
Batting: RHB Paco Castillo 0-0: Ground out 6-3 (Groundball, 6)
Batting: RHB Gabriel Miranda 0-0: Ball
1-0: Ball
2-0: SINGLE (Groundball, 5S) (infield hit)
Batting: RHB Gilberto Silva 0-0: Ball
1-0: Ball
2-0: Foul Ball, location: 2F
2-1: Foul Ball, location: 2F
2-2: Ball
3-2: Strikes out swinging
Bottom of the 9th over - 0 runs, 1 hit, 0 errors, 1 left on base; Texarkana 3 - Las Vegas 1
Saturday, April 7th, 2018 - OOTP Baseball 18.8 Build 76